 Dungeon Crawl Stone Soup version 0.27.1-34-g3ba077fa99 (webtiles) character file.

Game seed: 4263141520668397038

342 zeram the Vexing (level 6, 0/36 HPs)
             Began as an Octopode Enchanter on Jan 2, 2022.
             Slain by an orc (2 damage)
             ... on level 4 of the Dungeon.
             The game lasted 00:11:19 (5951 turns).

zeram the Vexing (Octopode Enchanter)               Turns: 5951, Time: 00:11:20

Health: 0/36       AC:  1    Str:  8    XL:     6   Next: 57%
Magic:  7/9        EV: 13    Int: 19    God:
Gold:   195        SH:  0    Dex: 12    Spells: 1/9 levels left

rFire    . . .     SeeInvis .   a - +2 dagger (freeze)
rCold    . . .     Faith    .   (no shield)
rNeg     . . .     Spirit   .   (helmet restricted)
rPois    +         Reflect  .   (no amulet)
rElec    .         Harm     .   g - ring of poison resistance
rCorr    .         Rampage  .   l - ring of willpower
Will     +....                  (no ring)
Stlth    ++++......             (no ring)
HPRegen  0.12/turn              (no ring)
MPRegen  0.11/turn              (no ring)
                                (no ring)
                                (no ring)

@: no status effects
A: almost no armour, amphibious, 8 rings, camouflage 1, gelatinous body 1,
(nimble swimmer 1), tentacles
a: no special abilities


You were on level 4 of the Dungeon.
You visited 1 branch of the dungeon, and saw 4 of its levels.

You collected 195 gold pieces.

Inventory:

Hand Weapons
 a - a +2 dagger of freezing (weapon)
Missiles
 b - 129 stones (quivered)
Jewellery
 f - an amulet of guardian spirit
 g - a ring of poison resistance (left tentacle)
 l - a ring of willpower (right tentacle)
Wands
 k - a wand of iceblast (10)
Scrolls
 e - a scroll of brand weapon
 h - 2 scrolls of noise
 i - 2 scrolls of amnesia
 m - a scroll of fog
Potions
 c - 2 potions of curing
 d - a potion of degeneration
 j - a potion of ambrosia {unknown}
 n - a potion of resistance {unknown}


   Skills:
 - Level 1.0 Short Blades
 - Level 2.0 Dodging
 - Level 4.8 Stealth
 - Level 2.0 Spellcasting
 + Level 5.6 Hexes
 + Level 3.7 Ice Magic


You had one spell level left.
You knew the following spells:

 Your Spells              Type           Power      Damage    Failure   Level
a - Dazzling Flash        Conj/Hex       24%        N/A       16%         3
b - Ensorcelled Hibernat  Hex/Ice        38%        N/A       3%          2
c - Tukima's Dance        Hex            23%        N/A       4%          3

Your spell library contained the following spells:

 Spells                   Type           Power      Damage    Failure   Level
 Corona                   Hex            25%        N/A       1%          1
 Confusing Touch          Hex            23%        N/A       4%          3


Dungeon Overview and Level Annotations

Branches:
Dungeon (4/15)
 Temple: D:4-7

Altars:
Elyvilon
Fedhas
Nemelex Xobeh

Shops:
D:2 (


Innate Abilities, Weirdness & Mutations

You cannot wear most types of armour.
You are amphibious.
You can wear up to eight rings at the same time.
Your skin changes colour to match your surroundings (Stealth+).
Your rubbery body absorbs attacks. (AC +1, EV +1)
((You are camouflaged near water. (Stealth+)))
You have tentacles for arms and can constrict up to eight enemies at once.


Message History

The hound skeleton barely misses you.
You completely miss the hound skeleton.
The hound skeleton is almost destroyed.
You constrict the hound skeleton.
You destroy the hound skeleton!
The orc shouts! x2; You hear a shout!
You hit the hobgoblin. You freeze the hobgoblin.
You kill the hobgoblin!
An orc comes into view. It is wielding a +0 trident.
The orc hits you from afar with a +4 trident of flaming.
The orc burns you.
You see here a hobgoblin corpse.
You hit the orc. You freeze the orc. Your grab misses the orc.
The orc is almost dead.
The orc hits you with a +0 club.
The orc hits you from afar with a +4 trident of flaming!
The orc burns you.
* * * LOW HITPOINT WARNING * * *
You are too injured to fight recklessly!
You are too injured to fight recklessly!
Unknown command.
You closely miss the orc. You grab the orc.
The orc is almost dead.
You constrict the orc.
You kill the orc!
Casting: Ensorcelled Hibernation (safe; 3% risk of failure)
Confirm with . or Enter, or press ? or * to list all spells.
Aiming: Ensorcelled Hibernation (safe; 3% risk of failure)
Press: ? - help, Shift-Dir - straight line, f - orc
Aim: an orc, wielding a +0 mace (chance to affect: 67%)
The orc looks drowsy...
The orc hits you from afar with a +4 trident of flaming!
* * * LOW HITPOINT WARNING * * *
The orc burns you.
* * * LOW HITPOINT WARNING * * *
The helpless orc fails to defend itself.
You puncture the orc! You freeze the orc.
You kill the orc!
The orc hits you from afar with a +4 trident of flaming.
You die...

#..###........##
##.# ##......##
#.## #..##..#
#..# #........#
##.#
#..........# #?#
#........### #.#
....>.... #.#
.......... #@#
........###
#)##......
#.o..o....
##o.......
.........
.#........
...##...... .. .
......
.............


You could see 2 orcs.

Vanquished Creatures
  2 scorpions (D:4)
  A water moccasin skeleton (D:4)
  A hound skeleton (D:4)
  Robin (D:2)
  5 adders
  A worm (D:3)
  A dart slug (D:3)
  9 orcs
  5 ball pythons
  2 endoplasms
  4 giant cockroaches
  12 hobgoblins
  2 jackals (D:1)
  7 quokkas
  6 bats
  9 frilled lizards
  12 goblins
  11 kobolds
  6 rats
97 creatures vanquished.

Vanquished Creatures (others)
  3 plants (D:3)
3 creatures vanquished.

Grand Total: 100 creatures vanquished

Notes
Turn   | Place    | Note
-------+----------+-------------------------------------------
     0 | D:1      | zeram the Octopode Enchanter began the quest for the Orb.
     0 | D:1      | Reached XP level 1. HP: 11/11 MP: 3/3
   196 | D:1      | Reached XP level 2. HP: 13/17 MP: 5/5
   265 | D:1      | Learned a level 2 spell: Ensorcelled Hibernation
   887 | D:1      | Found a faded altar of an unknown god.
  1203 | D:1      | Reached XP level 3. HP: 14/21 MP: 6/6
  1999 | D:2      | Noticed Robin
  2471 | D:1      | Learned a level 3 spell: Tukima's Dance
  2725 | D:2      | Reached skill level 4 in Hexes
  3000 | D:2      | Killed Robin
  3001 | D:2      | Reached skill level 1 in Ice Magic
  3001 | D:2      | Reached XP level 4. HP: 24/27 MP: 0/7
  3123 | D:2      | Found Nuezirch's Weapon Emporium.
  3128 | D:2      | Found a sparkling altar of Nemelex Xobeh.
  4036 | D:3      | Found a blossoming altar of Fedhas.
  4171 | D:3      | Found a sparkling altar of Nemelex Xobeh.
  4208 | D:3      | Reached XP level 5. HP: 27/31 MP: 5/8
  4227 | D:3      | Learned a level 3 spell: Dazzling Flash
  5167 | D:4      | Reached skill level 5 in Hexes
  5382 | D:4      | Found a white marble altar of Elyvilon.
  5388 | D:4      | Reached XP level 6. HP: 27/36 MP: 4/9
  5951 | D:4      | Slain by an orc

Illustrated notes

Levels and vault maps discovered:
D:1:      ebering_hopf_link, layout_basic, hellmonk_ecumenical_altar_lost_god,
          minmay_liquid_box, minmay_unequal
D:2:      layout_basic, serial_shops, shop, basic_altar, uniq_robin
D:3:      minmay_chambers_of_threes, layout_loops_ring,
          mainiacjoe_overflow_small_starburst, nemelex_diamond_rough_becter,
          serial_bayou_pond_b, minmay_fractal_squares_5
D:4:      layout_rooms, mainiacjoe_overflow_concentric_impassable,
          ebering_ghost_disaster_area

Skill      XL: |  1  2  3  4  5 |
---------------+----------------+-----
Hexes          | 4 5 |  5.6
Ice Magic      | 1 2 3 |  3.7
Short Blades   | |  1.0
Dodging        | |  2.0
Stealth        | |  4.8
Spellcasting   | |  2.0

Action                   |  1- 3 |  4- 6 || total
-------------------------+-------+-------++-------
Melee: Dagger            |   104 |   113 ||   217
       Constrict         |    15 |    24 ||    39
       Tentacles         |     9 |    14 ||    23
 Cast: Ensorcelled Hiber |    25 |    25 ||    50
  Use: Potion            |     2 |     1 ||     3
       Scroll            |     3 |     4 ||     7
 Stab: Sleeping          |    21 |    17 ||    38
       Distracted        |       |     1 ||     1
Armor: Skin              |    19 |     5 ||    24
Dodge: Dodged            |    73 |    79 ||   152
